 Dungeon Crawl Stone Soup version 0.27-a0-1434-g6f15984924 (webtiles) character file.

Game seed: 14518010833297309511

1724 funkygono the Thaumaturge (level 9, -6/58 HPs)
             Began as a Djinni Fire Elementalist on July 3, 2021.
             Mangled by an orc warrior (12 damage)
             ... on level 7 of the Dungeon.
             The game lasted 00:13:35 (7187 turns).

funkygono the Thaumaturge (DjFE)                    Turns: 7187, Time: 00:13:36

Health: -6/58      AC:  8    Str:  7    XL:     9   Next: 25%
Gold:   309        EV: 16    Int: 20    God:
                   SH:  0    Dex: 14

rFire    + + +     SeeInvis +   d - +2 falchion
rCold    . . .     Faith    .   (no shield)
rNeg     . . .     Spirit   .   y - +0 acid dragon scales
rPois    ∞         Reflect  .   q - +0 helmet
rElec    .         Harm     .   A - scarf {rC+ rF+}
rCorr    +         Rampage  .   l - +0 pair of gloves
Will     .....                  (boots unavailable)
Stlth    +.........             (no amulet)
HPRegen  0.19/turn              f - ring of see invisible
MPRegen  0.00/turn              b - +4 ring of evasion

@: flying
A: sickness immunity, fire resistance 2, cold vulnerability 1, float, innate
caster, hp casting, extra vitality 1
a: no special abilities


You were on level 7 of the Dungeon.
You visited 1 branch of the dungeon, and saw 7 of its levels.
You also visited: Sewer.

You collected 309 gold pieces.

Inventory:

Hand Weapons
 d - a +2 falchion (weapon)
 g - a +0 short sword
Armour
 a - a +0 chain mail
 i - a +1 robe of willpower
 l - a +0 pair of gloves (worn)
 o - a +0 buckler
 p - the +8 chain mail of the Morning {Harm rElec rC+}
   (You took it off an orc on level 5 of the Dungeon)

   rC:        It protects you from cold.
   rElec:     It insulates you from electricity.
   Harm:      It increases damage dealt and taken.
 q - a +0 helmet (worn)
 y - +0 acid dragon scales (worn)
 A - a scarf of resistance (worn)
Magical Staves
 n - a staff of earth
Jewellery
 b - a +4 ring of evasion (right hand)
 f - a ring of see invisible (left hand)
 x - a ring of wizardry
Wands
 r - a wand of mindburst (19)
Scrolls
 e - 8 scrolls of teleportation
 k - 2 scrolls of fog
Potions
 c - a potion of heal wounds
 h - a potion of brilliance
 j - 2 potions of lignification {unknown}
 m - a potion of berserk rage {unknown}
 t - 2 potions of might {unknown}
 u - 2 potions of haste {unknown}
 v - 2 potions of curing {unknown}


   Skills:
 + Level 2.2 Fighting
 + Level 1.0(1.8) Short Blades
 + Level 2.2(2.4) Long Blades
 + Level 4.3 Dodging
 - Level 1.5 Stealth
 + Level 8.0 Spellcasting


You couldn't memorise any spells.
You knew the following spells:

 Your Spells              Type           Power      Damage    Failure   Level
a - Foxfire               Conj/Fire      100%       2x1d9     1%          1
b - Conjure Flame         Conj/Fire      40%        6-21      1%          3
c - Inner Flame           Hex/Fire       40%        N/A       1%          3
d - Sticky Flame          Conj/Fire      40%        2d6       6%          4
e - Fireball              Conj/Fire      20%        3d10      17%         5
f - Animate Skeleton      Necr           80%        N/A       1%          1
g - Blink                 Tloc           N/A        N/A       1%          2
h - Searing Ray           Conj           80%        3d6       1%          2
i - Mephitic Cloud        Conj/Pois/Air  40%        N/A       1%          3
Your spell library was empty.

Dungeon Overview and Level Annotations

Branches:
Dungeon (7/15)              Sewer (visited)
 Temple: D:4-7

Altars:
Ashenzari
Dithmenos
Gozag
Hepliaklqana
Nemelex Xobeh
Trog
Yredelemnul
The Shining One
Beogh

Annotations:
D:3 3 runed translucent doors, dankmaymays's ghost, weakling SpBr


Innate Abilities, Weirdness & Mutations

You are immune to sickness and miasma.
You are immune to poison.
Your flesh is very heat resistant. (rF++)
You are vulnerable to cold. (rC-)
You float through the air rather than walking.
You learn spells naturally, not from books.
Your magical power is your life essence.
You have superior vitality. (+4 HP)


Message History

Unknown command.
Casting: Foxfire (safe; 1% risk of failure)
Confirm with . or Enter, or press ? or * to list all spells.
You conjure some foxfire!
The foxfire hits the orc warrior but does no damage.
The orc warrior is lightly wounded.
The foxfire hits the orc!
You kill the orc!
Casting: Foxfire (safe; 1% risk of failure)
Confirm with . or Enter, or press ? or * to list all spells.
You conjure some foxfire!
The foxfire hits the orc warrior but does no damage.
The orc warrior is lightly wounded.
The foxfire hits the orc warrior but does no damage.
The orc warrior is lightly wounded.
The orc warrior barely misses you.
The foxfire hits the orc warrior.
The orc warrior is lightly wounded.
The foxfire hits the orc warrior.
The orc warrior is moderately wounded.
The orc warrior hits you with a +0 trident!
The orc closely misses you.
Casting: Foxfire (safe; 1% risk of failure)
Confirm with . or Enter, or press ? or * to list all spells.
Aiming: Sticky Flame (dangerous; 6% risk of failure)
Press: ? - help, Shift-Dir - straight line, f - orc warrior
Aim: an orc warrior, wielding a +0 trident and wearing a +0 chain mail (moderately wounded, 100% to hit)
The sticky flame hits the orc warrior but does no damage.
The orc warrior is moderately wounded.
The orc warrior is covered in liquid flames!
The orc warrior burns!
The orc warrior hits you with a +0 trident!
The orc hits you with a +0 short sword.
You barely miss the orc.
The orc warrior burns! x2
The orc warrior hits you with a +0 trident!
* * * LOW HITPOINT WARNING * * *
The orc barely misses you.
The orc warrior burns!
The orc warrior hits you from afar with a +0 trident!
You die...

#.. # #.#
. ###.##.
. ..... ..
#...###...
#.........
#.......#
#.@...####
#..)......
#.oo....!.
#.........
#.).......
#.........
#.........
..........
..........


You could see an orc warrior (burning) and an orc.

Vanquished Creatures
  Maggie (D:6)
  Sigmund (D:3)
  Menkaure (D:6)
  A water moccasin (D:6)
  A centaur (D:5)
  A bullfrog (D:6)
  4 scorpions
  A water moccasin zombie (D:4)
  A hound (D:4)
  A centaur zombie (D:4)
  A centaur skeleton (D:5)
  2 orc priests
  2 iguanas
  2 orc wizards
  2 scorpion zombies
  The ghost of Brandom the Skirmisher, a weakling TrDe (D:5)
  A hound zombie (D:4)
  A hound skeleton (D:4)
  6 gnolls
  7 adders
  3 river rats (Sewer)
  3 adder zombies
  3 dart slugs
  2 worms
  14 orcs
  4 bats
  6 endoplasms
  7 giant cockroaches
  4 goblins
  11 hobgoblins
  5 jackals
  9 quokkas
  7 ball pythons
  7 frilled lizards
  3 kobolds
  8 rats
134 creatures vanquished.

Vanquished Creatures (others)
  500 foxfires
500 creatures vanquished.

Grand Total: 634 creatures vanquished

Notes
Turn   | Place    | Note
-------+----------+-------------------------------------------
     0 | D:1      | funkygono the Djinni Fire Elementalist began the quest for
                  | the Orb.
     0 | D:1      | Reached XP level 1. HP: 15/15 MP: 0/0
   326 | D:1      | Reached XP level 2. HP: 18/21 MP: 0/0
   650 | D:1      | Reached skill level 3 in Spellcasting
   768 | D:1      | Reached XP level 3. HP: 22/25 MP: 0/0
   768 | D:1      | Learned a level 1 spell: Animate Skeleton
  1599 | D:2      | Found a faded altar of an unknown god.
  1682 | D:2      | Reached XP level 4. HP: 27/31 MP: 0/0
  2208 | D:2      | Reached skill level 4 in Spellcasting
  2208 | D:2      | Reached XP level 5. HP: 33/35 MP: 0/0
  2208 | D:2      | Learned a level 2 spell: Blink
  2592 | D:3      | Noticed dankmaymays's ghost (weakling SpBr)
  2597 | D:3      | Found a runed translucent gate.
  2597 | D:3      | Found a runed translucent gate.
  2597 | D:3      | Found a runed translucent gate.
  2718 | D:3      | Noticed Sigmund
  2726 | D:3      | Killed Sigmund
  2727 | D:3      | Reached XP level 6. HP: 32/41 MP: 0/0
  2923 | D:3      | Found an opulent altar of Gozag.
  3717 | D:4      | Reached skill level 5 in Spellcasting
  3807 | D:4      | Found a glowing golden altar of the Shining One.
  3809 | D:4      | Found a broken altar of Ashenzari.
  3879 | D:4      | Reached XP level 7. HP: 38/46 MP: 0/0
  3879 | D:4      | Learned a level 2 spell: Searing Ray
  4008 | D:4      | Reached skill level 1 in Fighting
  4583 | D:4      | Found a basalt altar of Yredelemnul.
  4722 | D:4      | Found a sparkling altar of Nemelex Xobeh.
  4744 | D:4      | Found a bloodstained altar of Trog.
  4934 | D:5      | Entered Level 5 of the Dungeon
  5107 | D:5      | Reached skill level 6 in Spellcasting
  5236 | D:5      | Reached XP level 8. HP: 42/52 MP: 0/0
  5362 | D:5      | Found a shadowy altar of Dithmenos.
  5363 | D:5      | Noticed a shadow
  5367 | D:5      | Found a hazy altar of Hepliaklqana.
  5372 | D:5      | Reached skill level 1 in Short Blades
  5496 | D:5      | Identified the +8 chain mail of the Morning {Harm rElec
                  | rC+}
  5523 | D:5      | Noticed Brandom's ghost (weakling TrDe)
  5538 | D:5      | Found a runed translucent gate.
  5549 | D:5      | Found a runed translucent gate.
  5550 | D:5      | Found a runed translucent gate.
  5631 | D:5      | Killed Brandom's ghost
  5844 | D:6      | Reached skill level 7 in Spellcasting
  6122 | D:6      | Reached skill level 1 in Long Blades
  6222 | D:6      | Found a glowing drain.
  6265 | Sewer    | Entered a sewer
  6794 | D:6      | Noticed Menkaure
  6798 | D:6      | Killed Menkaure
  6798 | D:6      | Noticed Maggie
  6799 | D:6      | Reached XP level 9. HP: 54/58 MP: 0/0
  6799 | D:6      | Learned a level 3 spell: Mephitic Cloud
  6814 | D:6      | Killed Maggie
  6815 | D:6      | Reached skill level 8 in Spellcasting
  7187 | D:7      | Mangled by an orc warrior

Illustrated notes

Levels and vault maps discovered:
D:1:      dpeg_arrival_more_subterranean_lakeside_camping, layout_basic
D:2:      layout_loops_ring, chequers_ecumenical_altar_simple
D:3:      layout_basic, lemuel_round_altar, gammafunk_ghost_split,
          minmay_goblin_kobold_house, uniq_sigmund
D:4:      layout_basic, nicolae_yredelemnul_corpse_copse, trog_book,
          jmf_multi_god_temple, nemelex_diamond_rough_becter
D:5:      layout_cave_pools, riverfiend_overflow_shadow_ancestor,
          biasface_ghost_orc_armoury
D:6:      layout_basic, gup_sewer_entry_pipe, minmay_misc_feat_more_columns,
          minmay_holes, uniq_maggie, uniq_menkaure
D:7:      layout_cave_pools, minmay_temple_entry_overgrown,
          nicolae_ossuary_entry_false_entrances, minivault_5, uniq_pikel

Skill      XL: |  1  2  3  4  5  6  7  8  9 |
---------------+----------------------------+-----
Spellcasting   | 3 4 5 6 7 8 |  8.0
Dodging        | 3 4 |  4.3
Fighting       | 1 2 |  2.2
Short Blades   | 1 |  1.0
Long Blades    | 1 2 |  2.2
Stealth        | |  1.5

Action                   |  1- 3 |  4- 6 |  7- 9 || total
-------------------------+-------+-------+-------++-------
Melee: Unarmed           |     1 |       |       ||     1
       Short sword       |       |     8 |       ||     8
       Falchion          |       |       |    26 ||    26
 Cast: Foxfire           |    51 |    75 |   172 ||   298
       Animate Skeleton  |       |     1 |     4 ||     5
       Conjure Flame     |       |     1 |       ||     1
       Sticky Flame      |       |     1 |     8 ||     9
       Blink             |       |       |     1 ||     1
       Searing Ray       |       |       |     2 ||     2
  Use: Scroll            |     3 |     5 |     3 ||    11
       Potion            |       |       |     2 ||     2
 Stab: Sleeping          |       |       |     2 ||     2
Armor: Robe              |     3 |     6 |     7 ||    16
Dodge: Dodged            |    10 |     9 |    72 ||    91
       Rpst.: Falchion   |       |       |    24 ||    24

Table legend: (Time is in decaauts)
 A = Elapsed time spent in this place.
 B = Non-inter-level travel time spent in this place.
 C = Inter-level travel time spent in this place.
 D = Time resting spent in this place.
 E = Time spent auto-exploring this place.
 F = Levels seen in this place.
 G = Mean time per level.
                   A        B        C        D        E       F      G
               +--------+--------+--------+--------+--------+-----+--------+
         Total |   7191 |   6921 |    270 |    375 |   5402 |   8 |  898.9 |
       Dungeon |   6735 |   6465 |    270 |    372 |   5076 |   7 |  962.1 |
         Sewer |    456 |    456 |      0 |      3 |    326 |   1 |  456.0 |
               +--------+--------+--------+--------+--------+-----+--------+

Top non-repeatable levels by time:
     D:1: 1506 daAuts
     D:3: 1437 daAuts
     D:4: 1053 daAuts
     D:2: 936 daAuts
     D:6: 915 daAuts
     D:5: 874 daAuts
   Sewer: 456 daAuts
     D:7: 12 daAuts
